 Dungeon Crawl Stone Soup version 0.23-a0-370-gf497b7c (webtiles) character file.

60 lemonriz the Ruffian (level 3, 0/29 HPs)
             Began as a Draconian Transmuter on Oct 24, 2018.
             Shot with an arrow by a centaur (7 damage)
             ... on level 2 of the Dungeon.
             The game lasted 00:01:52 (1051 turns).

lemonriz the Ruffian (Draconian Transmuter)         Turns: 1051, Time: 00:01:53

Health: 0/29       AC:  5    Str: 12    XL:     3   Next: 80%
Magic:  3/6        EV: 12    Int: 14    God:
Gold:   135        SH:  0    Dex: 11    Spells: 0/6 levels left

rFire    . . .     SeeInvis .     - Unarmed
rCold    . . .     Gourm    .   (no shield)
rNeg     . . .     Faith    .   (armour unavailable)
rPois    .         Spirit   .   (helmet restricted)
rElec    .         Reflect  .   (no cloak)
rCorr    .         Harm     .   (no gloves)
MR       .....                  (no boots)
Stlth    +.........             (no amulet)
HPRegen  0.09/turn              (no ring)
MPRegen  0.10/turn              (no ring)

@: no status effects
A: unfitting armour, cold-blooded, AC +5
a: no special abilities


You were on level 2 of the Dungeon.
You were not hungry.

You visited 1 branch of the dungeon, and saw 2 of its levels.

You collected 135 gold pieces.

Inventory:

Missiles
 a - 26 arrows
Scrolls
 d - a scroll of enchant armour {unknown}
 e - 2 scrolls of identify {unknown}
 h - a scroll of enchant weapon {unknown}
 i - a scroll of magic mapping {unknown}
 j - a scroll of fog {unknown}
 k - 2 scrolls of remove curse {unknown}
 l - a scroll of teleportation {unknown}
 m - a scroll of fear {unknown}
Potions
 f - a potion of curing {unknown}
 g - a potion of flight {unknown}
Comestibles
 b - a chunk of flesh
 c - 6 rations


   Skills:
 + Level 2.2 Fighting
 - Level 1.7 Dodging
 + Level 3.4 Unarmed Combat
 - Level 2.0 Spellcasting
 * Level 3.2 Transmutations


You couldn't memorise any spells.
You knew the following spells:

 Your Spells              Type           Power        Failure   Level  Hunger
a - Beastly Appendage     Tmut           ##....       6%          1    ##.....
b - Sticks to Snakes      Tmut           ##......     10%         2    ###....
c - Spider Form           Tmut/Pois      #.........   36%         3    ####...

Your spell library contained the following spells:

 Spells                   Type           Power        Failure   Level  Hunger
 Ice Form                 Ice/Tmut       #.......     77%         4    #####..
 Blade Hands              Tmut           ##........   86%         5    ######.


Dungeon Overview and Level Annotations

Branches:
Dungeon (2/15)

Altars:


Innate Abilities, Weirdness & Mutations

Your plain brown scales are hard. (AC +5)
You cannot fit into any form of body armour.
You are cold-blooded and may be slowed by cold attacks.


Message History

The centaur unwields a +0 shortbow.
The centaur misses you.
You hit the centaur.
The centaur is moderately wounded.
The centaur hits you. The centaur hits you!
You closely miss the centaur.
Your tail-slap misses the centaur.
The centaur is moderately wounded.
The centaur completely misses you.
You hit the centaur.
The centaur is heavily wounded.
The centaur hits you but does no damage.
The centaur hits you!
* * * LOW HITPOINT WARNING * * *
You swap places.
Your ball python closely misses the centaur.
The centaur wields a +0 shortbow.
The centaur shoots an arrow.
The arrow hits your ball python.
Your ball python dies!
You swap places.
The centaur shoots an arrow.
The arrow closely misses your adder. The arrow hits you!
You die...

...[.)...........#.#..##รท......#
######...##..........<##.......#
#.........#####.###.......#
#...........# #.# #########
#...#######.# #.# ...# #.# #.#
...# #.###.## .#.. #.##...######
#@##.#......###### #.###
#.##...####.#.....
......###S###### #...####
........c.# ##### ......#####
..###


You could see a centaur and a friendly adder.

Vanquished Creatures
  An adder (D:2)
  An ooze (D:1)
  A worm (D:2)
  A dart slug (D:2)
  A ball python (D:1)
  5 giant cockroaches
  5 goblins
  5 hobgoblins
  7 bats
  5 frilled lizards
  6 kobolds
  2 rats (D:1)
40 creatures vanquished.

Notes
Turn   | Place    | Note
-------+----------+-------------------------------------------
     0 | D:1      | lemonriz the Draconian Transmuter began the quest for the
                  | Orb.
     0 | D:1      | Reached XP level 1. HP: 16/16 MP: 3/3
    93 | D:1      | Reached XP level 2. HP: 22/23 MP: 5/5
   587 | D:1      | Reached XP level 3. HP: 27/29 MP: 4/6
   654 | D:2      | Learned a level 2 spell: Sticks to Snakes
   658 | D:2      | Learned a level 3 spell: Spider Form
  1034 | D:2      | Noticed a centaur
  1051 | D:2      | Shot with an arrow by a centaur

Vault maps used:
D:1:      lightli_arrival_flooded_house, minmay_tiny_reverse_x
D:2:      serial_bayou_pond_c, uniq_terence, uniq_crazy_yiuf_cottage

Skill      XL: |  1  2  3 |
---------------+----------+-----
Fighting       | 2 |  2.2
Transmutations | 3 |  3.2
Dodging        | |  1.7
Unarmed Combat | |  3.4
Spellcasting   | |  2.0

Action                   || total
-------------------------++-------
Melee: Unarmed           ||   148
       Kick              ||     4
       Punch             ||     2
       Tailslap          ||    11
       Headbutt          ||     4
 Cast: Beastly Appendage ||     6
       Sticks to Snakes  ||     2
  Eat: Chunk             ||     1
Armor: Skin              ||    42
Dodge: Dodged            ||    94

Table legend:
 A = Non-vault XP
 B = Vault XP
 C = Vault XP percentage of total XP
 D = Non-vault monster count
 E = Vault monster count
 F = Vault count percentage of total count
                 A         B        C        D         E       F
            +---------+---------+-------+---------+---------+-------
      Total |      83 |       3 |   3.5 |      38 |       2 |   5.0
            +---------+---------+-------+---------+---------+-------
        D:1 |      38 |       3 |   7.3 |      20 |       2 |   9.1
        D:2 |      45 |       0 |   0.0 |      18 |       0 |   0.0
            +---------+---------+-------+---------+---------+-------
